 Dungeon Crawl Stone Soup version 0.28-b1-25-g9875b3fc8c (webtiles) character file.

Game seed: 5132582419550349867

921 pkoi the Cleaver (level 7, 0/56 HPs)
             Began as a Minotaur Gladiator on Feb 1, 2022.
             Slain by a water moccasin (6 damage)
             ... on level 6 of the Dungeon.
             The game lasted 00:05:27 (6849 turns).

pkoi the Cleaver (Minotaur Gladiator)               Turns: 6849, Time: 00:05:28

Health: 0/56       AC: 12    Str: 21    XL:     7   Next: 84%
Magic:  6/6        EV:  7    Int:  5    God:
Gold:   222        SH:  0    Dex: 11    Spells: 6/6 levels left

rFire   . . .      SeeInvis .   a - +1 war axe
rCold   . . .      Faith    .   (no shield)
rNeg    . . .      Spirit   .   k - +0 plate armour
rPois   .          Reflect  .   c - +0 hat
rElec   .          Harm     .   (no cloak)
rCorr   .          Rampage  .   (no gloves)
Will    .....                   (no boots)
Stlth   ..........              (no amulet)
HPRegen 0.18/turn               (no ring)
MPRegen 0.10/turn               (no ring)

@: lethally poisoned (0 -> -12)
A: horns 2, retaliatory headbutt, wild magic 1
a: no special abilities


You were on level 6 of the Dungeon.
You visited 1 branch of the dungeon, and saw 6 of its levels.

You collected 222 gold pieces.

Inventory:

Hand Weapons
 a - a +1 war axe (weapon)
 n - a +2 short sword of venom
Missiles
 d - 3 throwing nets (quivered)
 g - 9 poisoned darts
Armour
 c - a +0 hat (worn)
 k - a +0 plate armour (worn)
 m - the +4 scale mail of Quantum Leap {*Slow rPois rC+++ MP+9}
   (You found it on level 6 of the Dungeon)

   rC:        It renders you almost immune to cold.
   rPois:     It protects you from poison.
   MP:        It affects your magic capacity (+9).
   *Slow:     It may slow you when you take damage.
Jewellery
 h - an amulet of reflection
 v - a ring of flight
Wands
 i - a wand of flame (26)
 o - a wand of mindburst (13)
 r - a wand of charming (10)
Scrolls
 b - a scroll of holy word
 e - 2 scrolls of teleportation
 f - 3 scrolls of identify
 j - a scroll of enchant weapon
 s - a scroll of fog
Potions
 l - a potion of flight {unknown}
 p - 3 potions of curing
 q - a potion of might


   Skills:
 - Level 2.4 Fighting
 * Level 9.7 Axes
 - Level 2.0 Throwing
 + Level 4.4 Armour
 - Level 3.2 Dodging
 + Level 2.3 Evocations


You had 6 spell levels left.
You didn't know any spells.
Your spell library contained the following spells:

 Spells                   Type           Power      Damage    Failure   Level
 Apportation              Tloc           0%         N/A       100%        1
 Foxfire                  Conj/Fire      0%         2x1d4     100%        1
 Conjure Flame            Conj/Fire      0%         6-21      100%        3
 Inner Flame              Hex/Fire       0%         N/A       100%        3
 Flame Wave               Conj/Fire      0%         2d4       100%        4
 Alistair's Intoxication  Tmut/Pois      0%         N/A       100%        5


Dungeon Overview and Level Annotations

Branches:
Dungeon (6/15)             Temple (0/1) D:4

Altars:

Shops:
D:2 =   D:4 :


Innate Abilities, Weirdness & Mutations

You have a pair of horns on your head.
You reflexively headbutt those who attack you in melee.
Your spells are a little harder to cast, but a little more powerful.


Message History

The water moccasin is lightly wounded.
You hit the water moccasin.
The water moccasin bites you but does no damage.
The water moccasin bites you.
Unknown command.
You closely miss the ogre. You hit the water moccasin.
You closely miss the water moccasin. The water moccasin barely misses you.
The water moccasin bites you.
You are poisoned.
The water moccasin poisons you! The ogre closely misses you.
The water moccasin barely misses you.
Unknown command.
You slash the ogre! Your headbutt misses the ogre.
The ogre is moderately wounded.
You miss the water moccasin. You barely miss the water moccasin.
You feel very sick. The water moccasin bites you.
The water moccasin bites you but does no damage.
The ogre hits you with a +0 giant club. The water moccasin bites you.
You are lethally poisoned!
The water moccasin poisons you!
You slash the ogre!
The ogre is heavily wounded.
You miss the water moccasin. You barely miss the water moccasin.
You feel very sick. The water moccasin bites you.
* * * LOW HITPOINT WARNING * * *
The water moccasin barely misses you. You furiously retaliate!
You headbutt the water moccasin!
The water moccasin bites you but does no damage.
The ogre hits you but does no damage.
You closely miss the ogre.
The ogre is heavily wounded.
You hit the water moccasin. You closely miss the water moccasin.
* * * LOW HITPOINT WARNING * * *
You feel very sick. The water moccasin barely misses you.
The water moccasin bites you but does no damage.
The water moccasin bites you.
You die...

.....'.....#....#
.....#.....#....#
.....#######....#
#####...........#
#...........+
#...........#
#####...........########
........####.....O......
........# #....@S......
........# #.....S......
........# #............
........# #............
####....# #......#+##..
...#....####......# .
...#........?.....#
...'..............#
####........


You could see 2 water moccasins and an ogre.

Vanquished Creatures
  An acid dragon (D:6)
  A black bear (D:6)
  2 ogres (D:5)
  A phantom (D:5)
  A water moccasin zombie (D:6)
  A howler monkey (D:5)
  A centaur zombie (D:5)
  A hound (D:4)
  Terence (D:2)
  3 iguanas
  Ijyb (D:5)
  A hound skeleton (D:4)
  A howler monkey skeleton (D:4)
  7 adders
  An adder skeleton (D:4)
  A worm (D:2)
  2 dart slugs
  14 orcs
  6 endoplasms
  4 giant cockroaches
  6 goblins
  7 hobgoblins
  7 kobolds
  5 quokkas
  8 ball pythons
  8 bats
  3 frilled lizards
  3 rats
98 creatures vanquished.

Notes
Turn   | Place    | Note
-------+----------+-------------------------------------------
     0 | D:1      | pkoi the Minotaur Gladiator began the quest for the Orb.
     0 | D:1      | Reached XP level 1. HP: 18/18 MP: 0/0
    94 | D:1      | Reached skill level 4 in Axes
   171 | D:1      | Reached XP level 2. HP: 13/25 MP: 1/1
   810 | D:1      | Found a faded altar of an unknown god.
  1043 | D:2      | Reached skill level 5 in Axes
  1113 | D:2      | Reached XP level 3. HP: 29/30 MP: 2/2
  1123 | D:2      | Found Vohitsi's Jewellery Emporium.
  1468 | D:2      | Noticed Terence
  1476 | D:2      | Killed Terence
  1477 | D:2      | Reached skill level 6 in Axes
  1477 | D:2      | Reached XP level 4. HP: 23/37 MP: 3/3
  2876 | D:3      | Reached XP level 5. HP: 33/42 MP: 4/4
  2984 | D:3      | Reached skill level 7 in Axes
  3138 | D:3      | Gained mutation: Your spells are a little harder to cast,
                  | but a little more powerful. [potion of mutation]
  3361 | D:4      | Reached skill level 1 in Armour
  3464 | D:4      | You fall into a shaft and drop 1 floor!
  3464 | D:5      | Entered Level 5 of the Dungeon
  3464 | D:5      | Noticed Ijyb
  3464 | D:5      | Noticed an ogre
  3469 | D:5      | Killed Ijyb
  3471 | D:5      | Killed an ogre
  3472 | D:5      | Reached skill level 8 in Axes
  3472 | D:5      | Reached XP level 6. HP: 18/50 MP: 5/5
  4634 | D:4      | Reached skill level 1 in Evocations
  4634 | D:4      | Reached XP level 7. HP: 56/56 MP: 6/6
  4778 | D:4      | Found Exeiff's Book Boutique.
  5077 | D:4      | Found a staircase to the Ecumenical Temple.
  5681 | D:5      | Reached skill level 9 in Axes
  6120 | D:6      | Identified the +4 scale mail of Quantum Leap {*Slow rPois
                  | rC+++ MP+9}
  6281 | D:6      | HP: 2/56 [acid dragon (2)]
  6849 | D:6      | Slain by a water moccasin

Illustrated notes

Levels and vault maps discovered:
D:1:      lemuel_arrival_behind_the_door_large, layout_basic,
          hellmonk_ecumenical_altar_leap_of_faith, grunt_decor_fettered
D:2:      layout_basic, serial_shops, nicolae_shop_statue_plus,
          minmay_misc_feat_iff, uniq_terence
D:3:      layout_basic, minmay_misc_feat_alley
D:4:      cheibrodos_old_hovel, layout_layer_cave, temple_green, serial_shops,
          shop, serial_forest, infiniplex_forest_end_1,
          infiniplex_forest_straight_2, infiniplex_forest_end_2,
          infiniplex_forest_clump_curved, infiniplex_forest_clump_large,
          infiniplex_forest_zigzag_1, infiniplex_forest_lined_room_3,
          infiniplex_forest_corner_1, infiniplex_forest_clump_C,
          grunt_decor_mini_mirrors
D:5:      layout_basic, uniq_ijyb
D:6:      layout_gridville, minmay_fountain_box,
          nicolae_concentric_dashed_squares_wild

Skill      XL: |  1  2  3  4  5  6  7 |
---------------+----------------------+-----
Axes           | 4 5 6 8 9 |  9.7
Armour         | 2 3 4 |  4.4
Evocations     | 1 2 |  2.3
Fighting       | |  2.4
Throwing       | |  2.0
Dodging        | |  3.2

Action                   |  1- 3 |  4- 6 |  7- 9 || total
-------------------------+-------+-------+-------++-------
Melee: War axe           |    67 |   119 |    61 ||   247
       Headbutt          |     9 |    21 |    13 ||    43
       Punch             |     1 |     1 |     1 ||     3
  Use: Scroll            |       |     4 |     7 ||    11
       Potion            |       |     4 |       ||     4
Armor: Leather armour    |    12 |     3 |       ||    15
       Chain mail        |       |    30 |       ||    30
       Plate armour      |       |    20 |    34 ||    54
Dodge: Dodged            |    45 |    49 |    16 ||   110
